AoeStats
← Gim

Arena

510089670Analyzed
4v4 RM · 1d ago on Sep 29, 2026· 38m 36s· 8 players
Game mode
Random Map
Map size
Large (8 player)
Population
200
Speed
Normal
Resources
Standard
Victory
Conquest
Starting age
Dark Age
Ending age
Imperial Age
RankedLock teamsTeams togetherTeam positionsShared explorationLock speedFull tech treeHidden civsTurbo modeCheats
Victory
Defeat
🇨🇳 Danes · China
1216
+14
🇨🇳 Mongols · China
1202
+15
🇲🇴 Britons · Macao SAR China
1198
+15
🇨🇳 Japanese · China
1154
+17
🇨🇦 Persians · Canada
1193
-16
🇵🇱 Mapuche · Poland
1178
-15
🇩🇪 Bohemians · Germany
1173
-15
🇨🇳 Byzantines · China
1161
-15
Idle
11:03 Feudal Age
14:39 Castle Age
13:06 Double-Bit Axe
13:04 Horse Collar
14:25 Loom
15:43 Bow Saw
15:35 Heavy Plow
20:22 Wheelbarrow
25:31 Imperial Age
23:23 Fletching
24:03 Masonry
25:34 Chemistry
24:55 Town Watch
25:38 Ballistics
25:17 Bodkin Arrow
27:27 Two-Man Saw
26:15 Pikeman
26:57 Scale Mail Armor
28:28 Conscription
29:00 Bracer
29:11 Forging
29:18 Chain Mail Armor
29:19 Squires
30:12 Hand Cart
30:56 Padded Archer Armor
31:18 Arson
32:55 Leather Archer Armor
34:16 Ring Archer Armor
35:03 Plate Mail Armor
35:10 Iron Casting
36:43 Wagenburg Tactics
mark4u.24
10:24 Feudal Age
14:38 Castle Age
13:14 Double-Bit Axe
13:13 Horse Collar
15:27 Bow Saw
17:07 Loom
21:14 Heavy Plow
22:40 Wheelbarrow
22:34 Gold Mining
23:31 Hand Cart
23:52 Stone Mining
28:24 Imperial Age
27:06 Bloodlines
26:57 Husbandry
27:39 Scale Barding Armor
28:12 Gold Shaft Mining
27:54 Kamandaran
28:31 Forging
28:04 Cavalier
29:44 Chain Barding Armor
31:00 Savar
32:56 Masonry
33:26 Plate Barding Armor
34:23 Two-Man Saw
34:17 Crop Rotation
34:53 Iron Casting
35:33 Light Cavalry
37:43 Conscription
37:18 Hussar
Player
10:38 Feudal Age
11:27 Double-Bit Axe
14:58 Castle Age
12:58 Horse Collar
16:17 Bow Saw
16:13 Heavy Plow
20:31 Loom
22:34 Stone Mining
22:44 Gold Mining
23:59 Wheelbarrow
24:58 Hand Cart
25:35 Stone Shaft Mining
26:05 Town Watch
29:39 Imperial Age
27:53 Ballistics
28:28 Gold Shaft Mining
29:02 Forging
28:54 Scale Mail Armor
28:44 Fletching
28:54 Padded Archer Armor
29:52 Arson
30:54 Iron Casting
30:39 Chain Mail Armor
29:49 Elite Bolas Rider
30:46 Butalmapu
31:02 Conscription
31:39 Crop Rotation
32:52 Chemistry
33:20 Town Patrol
34:14 Malon
34:13 Elite Skirmisher
35:01 Bodkin Arrow
35:21 Leather Archer Armor
37:11 Elite Kona
33min
10:43 Feudal Age
11:50 Double-Bit Axe
14:44 Castle Age
12:53 Horse Collar
15:50 Bow Saw
17:35 Wheelbarrow
27:48 Imperial Age
27:15 Hand Cart
28:00 Squires
28:04 Scale Mail Armor
28:47 Stone Mining
28:47 Gold Mining
29:49 Bow Saw
29:56 Onager
31:50 Two-Man Saw
31:33 Loom
32:25 Forging
32:33 Chain Mail Armor
33:17 Ballistics
33:59 Chemistry
32:51 Pikeman
32:54 Elite Skirmisher
37:51 Fortified Wall
长崎舞喜姬
10:27 Feudal Age
14:23 Castle Age
12:56 Double-Bit Axe
13:31 Horse Collar
15:40 Bow Saw
22:16 Wheelbarrow
21:50 Gold Mining
22:11 Fletching
24:59 Gold Shaft Mining
28:12 Imperial Age
26:08 Bodkin Arrow
26:13 Padded Archer Armor
26:19 Stone Mining
27:11 Heavy Plow
27:54 Ballistics
30:42 Two-Man Saw
29:47 Squires
29:07 Pikeman
29:33 Gambesons
29:33 Arson
30:29 Halberdier
31:38 Loom
32:16 Forging
32:07 Scale Mail Armor
34:28 Chain Mail Armor
34:48 Iron Casting
Gim
10:03 Feudal Age
14:40 Castle Age
12:36 Double-Bit Axe
13:12 Horse Collar
22:59 Wheelbarrow
29:12 Imperial Age
26:28 Loom
27:07 Scale Mail Armor
27:44 Heavy Plow
27:57 Forging
28:11 Gold Mining
28:08 Loom
28:50 Chain Mail Armor
29:21 Hand Cart
30:11 Gold Shaft Mining
30:17 Conscription
31:24 Conscription
31:52 Squires
32:29 Plate Mail Armor
31:22 Elite Samurai
32:41 Stone Mining
34:00 Iron Casting
35:10 Siege Engineers
35:45 Kataparuto
37:00 Thumb Ring
36:15 Elite Skirmisher
37:21 Parthian Tactics
37:59 Blast Furnace
38:50 Chemistry
38:11 Ballistics
39:24 Hoardings
fafagege
10:17 Feudal Age
14:00 Castle Age
11:57 Double-Bit Axe
12:19 Horse Collar
15:10 Bow Saw
16:06 Wheelbarrow
21:56 Hand Cart
24:35 Loom
24:41 Town Watch
25:02 Gold Mining
28:33 Imperial Age
26:02 Fletching
26:06 Stone Mining
27:41 Bodkin Arrow
28:24 Gold Shaft Mining
28:25 Stone Shaft Mining
27:54 Padded Archer Armor
28:09 Loom
29:33 Ballistics
29:20 Thumb Ring
29:17 Husbandry
29:27 Bloodlines
30:10 Conscription
29:45 Elite Mangudai
30:27 Bracer
31:29 Chemistry
30:56 Parthian Tactics
32:43 Leather Archer Armor
33:00 Siege Engineers
34:04 Capped Ram
35:06 Drill
35:32 Scale Barding Armor
35:38 Siege Ram
37:24 Light Cavalry
38:25 Chain Barding Armor
38:27 Forging
Faker
10:39 Feudal Age
11:21 Double-Bit Axe
11:22 Loom
14:13 Castle Age
12:15 Horse Collar
15:26 Bow Saw
18:59 Town Watch
19:42 Heavy Plow
20:04 Stone Mining
21:03 Gold Mining
22:16 Wheelbarrow
22:58 Squires
24:11 Hand Cart
24:02 Arson
25:14 Scale Mail Armor
25:53 Forging
27:06 Chain Mail Armor
30:12 Imperial Age
28:51 Iron Casting
27:42 Hamask
31:05 Gold Shaft Mining
31:06 Stone Shaft Mining
30:23 Fletching
30:46 Masonry
30:19 Elite Jomsviking
32:04 Blast Furnace
31:36 Plate Mail Armor
31:39 Ballistics
31:31 Siege Engineers
33:37 Blast Furnace
33:00 Conscription
34:40 Ballistics
36:31 Hoardings
35:55 Murder Holes
37:16 Scale Barding Armor
Connection lost

Rejoining the realm…

Still unreachable

The connection could not be restored.

Session expired

The server has moved on; the page needs a fresh start.